 Dungeon Crawl Stone Soup version 0.31-a0-524-g2a164cf6a2 (webtiles) character file.

Game seed: 11724823445902074781

921 AdnanSaban the Cudgeller (level 8, 0/48 HPs)
             Began as a Gargoyle Fighter on Aug 12, 2023.
             Was a Follower of Okawaru.
             Slain by an orc warrior
             ... wielding a +0 halberd
              (15 damage)
             ... on level 5 of the Dungeon.
             The game lasted 00:06:13 (5076 turns).

AdnanSaban the Cudgeller (Gargoyle Fighter)         Turns: 5076, Time: 00:06:14

Health: 0/48       AC: 16    Str: 23    XL:     8   Next: 10%
Magic:  8/8        EV:  8    Int:  8    God:    Okawaru [*.....]
Gold:   360        SH:  9    Dex:  9    Spells: 7/7 levels left

rFire   . . .        a - +0 flail
rCold   . . .        c - +0 buckler
rNeg    + . .        o - +0 chain mail
rPois   ∞            (no helmet)
rElec   +            (no cloak)
rCorr   .            s - +0 pair of gloves
SInv    .            (no boots)
Will    .....        f - amulet of reflection Stlth
                     (no ring)
HPRegen 0.28/turn    (no ring)
MPRegen 0.11/turn

%: reflection
@: studying Long Blades
A: sickness immunity, AC +5, negative energy resistance 1, electricity
resistance, torment resistance 1, petrification resistance
a: Renounce Religion, Heroism


You were on level 5 of the Dungeon.
You worshipped Okawaru.
Okawaru was aware of your devotion.
You visited 2 branches of the dungeon, and saw 7 of its levels.

You collected 360 gold pieces.

Inventory:

Hand Weapons
 a - a +0 flail (weapon)
Missiles
 i - 6 silver javelins
 n - 5 boomerangs
 q - 6 poisoned darts (quivered)
 r - 3 javelins
 A - a throwing net
 B - 6 atropa-tipped darts
Armour
 c - a +0 buckler (worn)
 o - a +0 chain mail (worn)
 s - a +0 pair of gloves (worn)
Jewellery
 f - an amulet of reflection (around neck)
 x - a ring of fire
Wands
 v - a wand of paralysis (12)
 y - a wand of roots (9)
Scrolls
 b - a scroll of vulnerability {unknown}
 e - 2 scrolls of immolation {unknown}
 g - 3 scrolls of identify {unknown}
 h - 3 scrolls of teleportation {unknown}
 j - 2 scrolls of revelation {unknown}
 t - a scroll of amnesia {unknown}
 u - a scroll of torment {unknown}
 w - a scroll of blinking {unknown}
 C - a scroll of enchant weapon {unknown}
Potions
 d - a potion of might
 k - a potion of heal wounds {unknown}
 l - 5 potions of curing {unknown}
 m - a potion of attraction {unknown}
 p - a potion of enlightenment {unknown}
 z - a potion of haste {unknown}


   Skills:
 + Level 4.8 Fighting
 + Level 5.7 Maces & Flails
 + Level 2.0 Throwing
 + Level 5.3 Armour
 + Level 1.4 Dodging
 + Level 0.8 Stealth
 + Level 5.1 Shields


You had 7 spell levels left.
You didn't know any spells.
Your spell library contained the following spells:

 Spells                   Type           Power      Damage    Failure   Level
 Apportation              Tloc           0%         N/A       96%         1
 Necrotise                Necr           0%         1d4       96%         1
 Summon Small Mammal      Summ           Unusable   N/A       N/A         1

Dungeon Overview and Level Annotations

Branches:
Dungeon (6/15)             Temple (1/1) D:4

Altars:
Ashenzari
Cheibriados
Dithmenos
Elyvilon
Fedhas
Gozag
Hepliaklqana
Kikubaaqudgha
Nemelex Xobeh
Okawaru
Ru
Sif Muna
Trog
Uskayaw
Vehumet
Wu Jian
Xom
Yredelemnul
Zin

Shops:
D:1 =   D:5 ?:*

Annotations:
D:4 Dowan, Duvessa


Innate Abilities, Weirdness & Mutations

You are immune to sickness and miasma.
Your stone body is resilient. (AC +5)
You are immune to poison.
You resist negative energy. (rN+)
You are resistant to electric shocks. (rElec)
You are resistant to unholy torment.
You are immune to petrification.


Message History

The orc warrior hits you with a +0 halberd!
There is a stone staircase leading up here.
You block the orc warrior's attack.
You climb upwards.
There is a stone staircase leading down here.
You closely miss the orc warrior.
The orc warrior hits you but does no damage.
You block the orc warrior's attack.
You closely miss the orc warrior.
The orc warrior hits you with a +0 halberd.
You barely miss the orc warrior.
The orc warrior hits you with a +0 halberd!
You are too injured to fight recklessly!
You are too injured to fight recklessly!
You hit the orc warrior.
The orc warrior is moderately wounded.
The orc warrior closely misses you.
You hit the orc warrior but do no damage.
The orc warrior is lightly wounded.
The orc warrior hits you but does no damage.
You closely miss the orc warrior.
The orc warrior is lightly wounded.
You block the orc warrior's attack.
You hit the orc warrior but do no damage.
The orc warrior is lightly wounded.
The orc warrior hits you but does no damage.
You block the orc warrior's attack.
You barely miss the orc warrior.
The orc warrior is lightly wounded.
The orc warrior barely misses you.
You barely miss the orc warrior.
The orc warrior is lightly wounded.
The orc warrior hits you with a +0 halberd.
You hit the orc warrior.
The orc warrior is moderately wounded.
The orc warrior hits you with a +0 halberd.
You barely miss the orc warrior.
The orc warrior is moderately wounded.
The orc warrior hits you with a +0 halberd!
You die...

#...#.#######.# ♣...≈≈...♣#..
#..........##.# ♣♣♣.≈≈.♣♣♣###
#.......##.##.# #######.≈≈.# ####
#..##.#.##.##.# #.......≈≈.# #.##
..............# #.#.#.##≈≈.###.##
#.......##.######.#.#.##≈≈.......
#.###.#.##.# #........##≈≈.###.##
#.###.#.##.###.####.#.####.# #.##
#..............o@.....# #.###.##
##############.######## #.#...##
# #.# #.#.#### # #.# #.#..... #
#.# #.###### # #.# #.###### ###
#....... ######## #


You could see an orc warrior.

Vanquished Creatures
  Prince Ribbit (D:5)
  An ogre (D:4)
  A phantom (D:3)
  3 scorpions
  A hound (D:5)
  A jelly (D:4)
  3 sleepcaps
  An orc wizard (D:3)
  Ijyb (D:5)
  4 gnolls (D:5)
  6 adders
  An ufetubus (D:5)
  2 worms (D:3)
  3 dart slugs (D:1)
  13 orcs
  4 endoplasms
  3 giant cockroaches
  6 goblins
  8 hobgoblins
  A kobold (D:3)
  5 quokkas
  10 ball pythons
  6 bats
  3 frilled lizards
  4 rats
92 creatures vanquished.

Notes
Turn   | Place    | Note
-------+----------+-------------------------------------------
     0 | D:1      | AdnanSaban the Gargoyle Fighter began the quest for the
                  | Orb.
     0 | D:1      | Reached XP level 1. HP: 14/14 MP: 1/1
   167 | D:1      | Reached XP level 2. HP: 19/19 MP: 2/2
   362 | D:1      | Found Finexuo's Jewellery Emporium.
   421 | D:1      | Reached XP level 3. HP: 21/23 MP: 3/3
  1603 | D:3      | Reached XP level 4. HP: 28/28 MP: 4/4
  1619 | D:3      | Found a shimmering blue altar of Sif Muna.
  1790 | D:3      | Found a bloodstained altar of Trog.
  1807 | D:3      | Found a white marble altar of Elyvilon.
  1884 | D:3      | Reached XP level 5. HP: 27/33 MP: 5/5
  2032 | D:3      | Found a faded altar of an unknown god.
  2621 | D:4      | Noticed an ogre
  2621 | D:4      | Noticed a phantom
  2676 | D:3      | Killed a phantom
  2677 | D:3      | Reached skill level 1 in Dodging
  2677 | D:3      | Reached XP level 6. HP: 38/38 MP: 6/6
  3107 | D:4      | Found a staircase to the Ecumenical Temple.
  3116 | Temple   | Entered the Ecumenical Temple
  3138 | Temple   | Became a worshipper of Warmaster Okawaru
  3263 | D:4      | Found an ornate altar of the Wu Jian Council.
  3442 | D:5      | Entered Level 5 of the Dungeon
  3494 | D:5      | Found Berad's Magic Scroll Emporium.
  3495 | D:5      | Found Doalisch's Book Emporium.
  3496 | D:5      | Noticed Prince Ribbit
  3536 | D:5      | Killed Prince Ribbit
  3536 | D:5      | Reached * piety under Okawaru
  3537 | D:5      | Reached skill level 5 in Maces & Flails
  3537 | D:5      | Reached skill level 1 in Throwing
  3537 | D:5      | Reached skill level 5 in Armour
  3537 | D:5      | Reached XP level 7. HP: 9/44 MP: 7/7
  3746 | D:5      | Found a broken altar of Ashenzari.
  3777 | D:5      | Noticed Ijyb
  3799 | D:5      | Noticed Duvessa
  3802 | D:5      | Killed Ijyb
  3874 | D:4      | HP: 2/44 [scorpion (6)]
  4041 | D:4      | Reached skill level 5 in Shields
  4041 | D:4      | Reached XP level 8. HP: 37/48 MP: 8/8
  4086 | D:5      | Noticed Dowan
  4375 | D:5      | Found Febronu's Elemental Accessories.
  5076 | D:5      | Slain by an orc warrior

Illustrated notes

Levels and vault maps discovered:
D:1:      dpeg_arrival_three_bigger_balls, layout_basic, serial_shops,
          nicolae_shop_peninsula
D:2:      wad_crossroads, layout_loops_ring
D:3:      layout_loops_corners, kennysheep_orc_sif_temple,
          mainiacjoe_overflow_large_starburst,
          ebering_ecumenical_altar_abandoned, nicolae_wormholes
D:4:      layout_basic, mainiacjoe_overflow_surrounded_room, temple_statues
D:5:      layout_basic, cheibrodos_ashenzari_chains, nicolae_wooded_promenade,
          nrook_campfire, nicolae_elemental_shop, uniq_duvessa,
          uniq_prince_ribbit1, uniq_ijyb
D:6:      layout_loops_ring, nicolae_qazlal_scattered_showers,
          minmay_shop_enchanted_jewellery, uniq_blork_the_orc, uniq_maggie
Temple:   jpeg_temple_clearing

Skill      XL: |  1  2  3  4  5  6  7 |
---------------+----------------------+-----
Armour         | 4 5 |  5.3
Maces & Flails | 3 5 |  5.7
Fighting       | 4 |  4.8
Dodging        | 1 |  1.4
Shields        | 4 5 |  5.1
Throwing       | 1 2 |  2.0
Stealth        | |  0.8

Action                     |  1- 3 |  4- 6 |  7- 9 || total
---------------------------+-------+-------+-------++-------
  Melee: Flail             |   131 |   188 |   122 ||   441
  Throw: Dart              |       |    11 |     2 ||    13
         Boomerang         |       |     8 |       ||     8
 Armour: Scale mail        |    76 |       |       ||    76
         Chain mail        |       |    96 |    70 ||   166
  Dodge: Dodged            |    79 |    46 |    41 ||   166
  Block: Buckler           |    39 |   108 |    73 ||   220
         Reflection        |     1 |       |       ||     1

Table legend: (Time is in decaauts)
 A = Elapsed time spent in this place.
 B = Non-inter-level travel time spent in this place.
 C = Inter-level travel time spent in this place.
 D = Time resting spent in this place.
 E = Time spent auto-exploring this place.
 F = Levels seen in this place.
 G = Mean time per level.
                   A        B        C        D        E       F      G
               +--------+--------+--------+--------+--------+-----+--------+
         Total |   5200 |   4856 |    344 |    294 |   3495 |   7 |  742.9 |
       Dungeon |   5157 |   4851 |    306 |    294 |   3495 |   6 |  859.5 |
        Temple |     42 |      4 |     38 |      0 |      0 |   1 |   42.0 |
               +--------+--------+--------+--------+--------+-----+--------+

Top non-repeatable levels by time:
     D:5: 1367 daAuts
     D:3: 1182 daAuts
     D:4: 1101 daAuts
     D:2: 735 daAuts
     D:1: 687 daAuts
     D:6: 82 daAuts
  Temple: 42 daAuts
